 Dungeon Crawl Stone Soup version 0.16.1-30-g34a7ffa (webtiles) character file.

2404 sscrono2 the Covert (level 9, -2/58 HPs)
             Began as an Octopode Assassin on June 18, 2015.
             Was a Believer of Kikubaaqudgha.
             Slain by a killer bee (8 damage)
             ... on level 7 of the Dungeon on June 19, 2015.
             The game lasted 00:28:40 (7628 turns).

sscrono2 the Covert (Octopode Assassin)             Turns: 7628, Time: 00:28:40

Health: -2/58      AC:  1    Str: 10    XL:     9   Next: 47%
Magic:  20/20      EV: 14    Int: 13    God:    Kikubaaqudgha [**....]
Gold:   390        SH:  0    Dex: 17    Spells: 3 memorised, 10 levels left

rFire  . . .     SeeInvis .     a - +3 dagger (elec)
rCold  . . .     Clarity  .     (no shield)
rNeg   . . .     SustAb   .     (helmet restricted)
rPois  .         Gourm    +     k - amulet of the gourmand
rElec  .         Spirit   .     (no ring)
rCorr  .         Warding  .     (no ring)
rMut   .         Stasis   .     (no ring)
MR     .....                    (no ring)
Stlth  +++++++...               (no ring)
                                (no ring)
                                (no ring)
                                (no ring)

@: lethally poisoned (-2 -> -5), not resistant to hostile enchantments,
extremely stealthy
A: almost no armour, amphibious, 8 rings, constrict 8, camouflage 1, gelatinous
body 1
a: Receive Corpses, Renounce Religion


You were on level 7 of the Dungeon.
You worshipped Kikubaaqudgha.
Kikubaaqudgha was pleased with you.
You were very full.

You visited 2 branches of the dungeon, and saw 8 of its levels.
You also visited: Sewer.

You collected 390 gold pieces.

Inventory:

Hand weapons
 a - a +3 dagger of electrocution (weapon)
 b - a +0 blowgun
Missiles
 e - 6 poisoned needles
 f - 2 curare-tipped needles
 C - 6 needles of slowing
Jewellery
 k - an amulet of the gourmand (around mantle)
Magical devices
 g - a wand of frost (17)
 i - a wand of draining (11)
 j - a wand of flame (14)
 v - a wand of disintegration (8)
 A - a wand of frost (31)
 D - a wand of slowing (30)
Scrolls
 r - 2 scrolls of fog
 u - a scroll of magic mapping {unknown}
 B - a scroll of teleportation {unknown}
 E - a scroll of blinking {unknown}
 F - a scroll of holy word {unknown}
 G - a scroll of amnesia
 H - a scroll of random uselessness {unknown}
 I - a scroll of remove curse
 J - a scroll of recharging
Potions
 c - a potion of degeneration {unknown}
 h - 2 potions of magic {unknown}
 m - a potion of ambrosia {unknown}
 q - 5 potions of curing
 t - a potion of brilliance {unknown}
 w - a potion of resistance {unknown}
 x - a potion of haste
 z - a potion of might {unknown}
 L - 2 potions of agility {unknown}
Books
 y - Kikubaaqudgha's Reference Book on Sinister Rituals
   (Kikubaaqudgha gifted it to you on level 6 of the Dungeon)

   Spells                             Type                      Level
   a - Animate Skeleton               Necromancy                   1
   b - Corpse Rot                     Necromancy                   2
   c - Sublimation of Blood           Necromancy                   2
   d - Vampiric Draining              Necromancy                   3
   e - Control Undead                 Necromancy                   4
Comestibles
 l - 7 fruits
 n - 3 meat rations
 o - 3 beef jerkies
 p - 4 bread rations
 s - a slice of pizza
 K - 2 chunks of flesh


   Skills:
 + Level 3.8 Fighting
 * Level 4.7 Short Blades
 + Level 3.5 Throwing
 + Level 4.1 Dodging
 + Level 11.7 Stealth
 + Level 4.3 Spellcasting
 * Level 3.4 Necromancy
 + Level 1.0 Evocations


You had 10 spell levels left.
You knew the following spells:

 Your Spells              Type           Power        Failure   Level  Hunger
a - Animate Skeleton      Necr           N/A          6%          1    None
b - Corpse Rot            Necr           N/A          10%         2    ##.....
c - Vampiric Draining     Necr           ##........   14%         3    ###....


Dungeon Overview and Level Annotations

Branches:
Dungeon (7/15)             Temple (1/1) D:4

Altars:
Ashenzari
Cheibriados
Dithmenos
Gozag
Kikubaaqudgha
Nemelex Xobeh
Okawaru
Qazlal
Sif Muna
Trog
Vehumet
Xom
Yredelemnul
Zin


Innate Abilities, Weirdness & Mutations

You cannot wear most types of armour.
You are amphibious.
You can wear up to eight rings at the same time.
You can use your tentacles to constrict many enemies at once.
Your skin changes colour to match your surroundings (Stealth).
Your rubbery body absorbs attacks (AC +1).


Message History

You are poisoned.
The killer bee poisons you! The killer bee closely misses you.
Your orc skeleton closely misses the killer bee.
You feel sick. The killer bee stings you.
You are more poisoned.
The killer bee poisons you! The killer bee stings you!
You feel sick. The killer bee completely misses you.
The killer bee closely misses you.
You feel sick. The killer bee stings you!
* * * LOW HITPOINT WARNING * * *
You feel sick. The killer bee stings you.
* * * LOW HITPOINT WARNING * * *
Found a smoky pink potion.
Drink which item? (? for menu, Esc to quit)
You feel better. The killer bee stings you!
* * * LOW HITPOINT WARNING * * *
You are poisoned.
The killer bee poisons you! The killer bee stings you!
You die...
Kikubaaqudgha rasps: "You have failed me!
Welcome... death!"

###.#......# ###.....
#.)[.......# #.......
##..##....<# #.......
#..# .....# #.......
#Z.# .....# #.....Z.
#..# .....# #....Z..
#..# !....# #.....Z.
#.y##.....# #.......
#.yy@.....# #>......
###<###########Z.....#
#......Z.Z..ZZZ.......
#######...#..........#
#...#_.........#
#[..#......#####
#...#....(.#
#...#......#
#...########


You could see 3 killer bees.

Vanquished Creatures
  Prince Ribbit (D:6)
  Edmund (D:6)
  An eye of draining (D:6)
  An ice beast (D:5)
  An orc warrior (D:7)
  A wasp (D:4)
  2 phantoms
  2 ogres
  A centaur (D:5)
  Sigmund (D:6)
  4 giant frogs
  2 scorpions (D:4)
  2 killer bees (D:7)
  A goliath beetle (D:6)
  3 hounds
  An iguana (D:7)
  A giant frog skeleton (D:4)
  An orc priest (D:3)
  5 worker ants
  2 orc wizards
  Jessica (D:3)
  A worker ant zombie (D:4)
  A hound skeleton (D:5)
  8 adders
  8 giant mites (Sewer)
  4 worms
  13 giant geckos
  10 oozes
  27 orcs
  11 bats
  12 giant cockroaches
  9 hobgoblins
  5 jackals
  11 ball pythons
  6 giant newts
  17 goblins
  7 kobolds
  A quokka (D:6)
  A quokka skeleton (D:4)
  17 rats
  A fungus (D:6)
205 creatures vanquished.

Vanquished Creatures (collateral kills)
  A worker ant (D:7)
  A giant mite (Sewer)
  5 oozes (Sewer)
  A giant cockroach (Sewer)
  A ball python (Sewer)
  3 giant geckos (Sewer)
  6 giant newts (Sewer)
18 creatures vanquished.

Vanquished Creatures (others)
  A giant frog skeleton (D:7)
  An adder skeleton (Sewer)
  An iguana skeleton (D:7)
  3 ball python skeletons (Sewer)
  A giant gecko skeleton (Sewer)
  A giant newt skeleton (Sewer)
  2 orc skeletons (D:7)
  A rat skeleton (D:6)
11 creatures vanquished.

Grand Total: 234 creatures vanquished

Notes
Turn   | Place    | Note
--------------------------------------------------------------
     0 | D:1      | sscrono2, the Octopode Assassin, began the quest for the Orb.
     0 | D:1      | Reached XP level 1. HP: 14/14 MP: 1/1
   127 | D:1      | Found a shimmering altar of Xom.
   134 | D:1      | Reached XP level 2. HP: 19/19 MP: 2/2
   938 | D:2      | Reached skill level 1 in Spellcasting
   938 | D:2      | Reached XP level 3. HP: 24/24 MP: 2/4
   942 | D:2      | Reached skill level 6 in Stealth
  2078 | D:3      | Reached XP level 4. HP: 27/29 MP: 6/6
  2207 | D:3      | Found a bloodstained altar of Trog.
  2500 | D:3      | Reached XP level 5. HP: 19/35 MP: 7/7
  2507 | D:3      | Reached skill level 7 in Stealth
  2512 | D:3      | Noticed Jessica
  2525 | D:3      | Killed Jessica
  3356 | D:4      | Reached XP level 6. HP: 37/41 MP: 7/10
  3424 | D:4      | Found a staircase to the Ecumenical Temple.
  3447 | D:4      | Noticed an ogre
  3447 | Temple   | Entered the Ecumenical Temple
  3464 | Temple   | Became a worshipper of Kikubaaqudgha
  3544 | D:4      | Killed an ogre
  3544 | D:4      | Reached skill level 8 in Stealth
  3775 | D:4      | Found an opulent altar of Gozag.
  3775 | D:4      | Found a shattered altar of Ashenzari.
  3802 | D:4      | Noticed a phantom
  4092 | D:4      | Killed a phantom
  4092 | D:4      | Reached XP level 7. HP: 37/46 MP: 12/12
  4153 | D:4      | Noticed a wasp
  4157 | D:4      | Killed a wasp
  4630 | D:4      | Reached skill level 1 in Necromancy
  4767 | D:5      | Entered Level 5 of the Dungeon
  4998 | D:5      | Reached skill level 9 in Stealth
  5010 | D:5      | Reached XP level 8. HP: 52/52 MP: 14/16
  5149 | D:5      | Found an iron altar of Okawaru.
  5690 | D:6      | Reached skill level 10 in Stealth
  5734 | D:6      | Noticed Prince Ribbit
  5756 | D:6      | Killed Prince Ribbit
  5756 | D:6      | Reached skill level 1 in Evocations
  5901 | D:6      | Acquired Kikubaaqudgha's first power
  5901 | D:6      | Received a gift from Kikubaaqudgha
  5902 | D:6      | Identified Kikubaaqudgha's Reference Book on Sinister Rituals (Kikubaaqudgha gifted it to you on level 6 of the Dungeon)
  5936 | D:6      | Learned a level 1 spell: Animate Skeleton
  5939 | D:6      | Learned a level 2 spell: Corpse Rot
  5943 | D:6      | Learned a level 3 spell: Vampiric Draining
  6076 | D:6      | Noticed Edmund
  6084 | D:6      | Killed Edmund
  6236 | D:6      | Found a glowing drain.
  6250 | Sewer    | Entered a sewer
  6263 | Sewer    | Reached skill level 11 in Stealth
  6263 | Sewer    | Reached XP level 9. HP: 51/57 MP: 18/18
  6417 | Sewer    | Acquired Kikubaaqudgha's second power
  6994 | D:6      | Noticed Sigmund
  6997 | D:6      | Killed Sigmund
  7583 | D:7      | Found a sparkling altar of Nemelex Xobeh.
  7628 | D:7      | Slain by a killer bee

Action                   |  1- 3 |  4- 6 |  7- 9 || total
-------------------------+-------+-------+-------++-------
Melee: Dagger            |    77 |   123 |   183 ||   383
 Fire: Blowgun           |       |     4 |    30 ||    34
 Cast: Animate Skeleton  |       |       |    21 ||    21
Evoke: Wand              |       |     6 |       ||     6
  Use: Scroll            |     7 |     3 |     3 ||    13
       Potion            |     1 |       |     3 ||     4
 Stab: Sleeping          |     7 |    12 |    52 ||    71
       Distracted        |       |     1 |     1 ||     2
  Eat: Bread ration      |     2 |       |       ||     2
       Chunk             |       |     6 |    15 ||    21
